 Dungeon Crawl Stone Soup version 0.28-a0-8-g6e044cfa68 (webtiles) character file.

Game seed: 16561031679165281083

30 gimp the Stinger (level 3, -2/28 HPs)
             Began as a Formicid Wanderer on July 24, 2021.
             Slain by Terence (6 damage)
             ... on level 2 of the Dungeon.
             The game lasted 00:02:29 (1427 turns).

gimp the Stinger (Formicid Wanderer)                Turns: 1427, Time: 00:02:30

Health: -2/28      AC: 10    Str: 16    XL:     3   Next: 35%
Magic:  6/6        EV:  2    Int: 12    God:
Gold:   9          SH:  8    Dex: 10    Spells: 6/6 levels left

rFire   . . .      SeeInvis +   a - +0 whip
rCold   . . .      Faith    +   d - +0 kite shield
rNeg    . . .      Spirit   .   h - +0 plate armour
rPois   .          Reflect  .   (helmet unavailable)
rElec   .          Harm     .   (no cloak)
rCorr   .          Rampage  .   (no gloves)
Will    .....                   (no boots)
Stlth   ..........              g - amulet of faith
HPRegen 0.09/turn               (no ring)
MPRegen 0.10/turn               (no ring)

@: no status effects
A: permanent stasis, dig shafts and tunnels, antennae 3, four strong arms
a: Dig, Shaft Self


You were on level 2 of the Dungeon.
You visited 1 branch of the dungeon, and saw 2 of its levels.

You collected 9 gold pieces.

Inventory:

Hand Weapons
 a - a +0 whip (weapon)
Missiles
 i - 13 poisoned darts (quivered)
Armour
 d - a +0 kite shield (worn)
 h - a +0 plate armour (worn)
Jewellery
 g - an amulet of faith (around neck)
Scrolls
 c - a scroll of torment {unknown}
 f - a scroll of teleportation {unknown}
Potions
 b - a potion of lignification
 e - a potion of attraction {unknown}


   Skills:
 + Level 2.8 Fighting
 + Level 1.5 Armour
 - Level 1.0 Dodging
 - Level 1.2 Stealth
 + Level 2.3 Shields
 - Level 2.1 Spellcasting
 - Level 4.0 Poison Magic


You had 6 spell levels left.
You didn't know any spells.
Your spell library contained the following spells:

 Spells                   Type           Power      Damage    Failure   Level
 Passwall                 Tmut/Erth      0%         N/A       100%        2
 Wereblood                Tmut           1%         N/A       100%        2


Dungeon Overview and Level Annotations

Branches:
Dungeon (2/15)

Altars:

Annotations:
D:2 Terence


Innate Abilities, Weirdness & Mutations

You cannot be hasted, slowed, berserked, paralysed or teleported.
You can dig through walls and to a lower floor.
You have a pair of large antennae on your head. (SInv)
Your four strong arms can wield two-handed weapons with a shield.


Message History

Terence screams, "I want your blood!" Terence looks scornfully at you.
Throw: 18 darts (poison)
Press: ? - help, Q - select action, (/) - cycle Shift-Dir - straight line, f - Terence
Aim: Terence, wielding a +0 flail and wearing a +0 chain mail (lightly wounded, 64% to hit)
You throw a poisoned dart.
The poisoned dart closely misses Terence.
Terence hits you with a +0 flail.
You take 2 damage, and have 17/28 hp.
Throw: 17 darts (poison)
Press: ? - help, Q - select action, (/) - cycle Shift-Dir - straight line, f/p - Terence
Aim: Terence, wielding a +0 flail and wearing a +0 chain mail (lightly wounded, 61% to hit)
You throw a poisoned dart. The poisoned dart hits Terence.
Terence is lightly wounded.
Terence hits you with a +0 flail.
You take 5 damage, and have 12/28 hp.
Throw: 16 darts (poison)
Press: ? - help, Q - select action, (/) - cycle Shift-Dir - straight line, f/p - Terence
Aim: Terence, wielding a +0 flail and wearing a +0 chain mail (lightly wounded, 64% to hit)
You throw a poisoned dart. The poisoned dart hits Terence.
Terence is poisoned.
Terence is lightly wounded.
You block Terence's attack.
Throw: 15 darts (poison)
Press: ? - help, Q - select action, (/) - cycle Shift-Dir - straight line, f/p - Terence
Aim: Terence, wielding a +0 flail and wearing a +0 chain mail (lightly wounded, poisoned, 62% to hit)
You throw a poisoned dart.
The poisoned dart closely misses Terence.
Terence asks, "Do you want it fast or slow?"
You block Terence's attack.
Throw: 14 darts (poison)
Press: ? - help, Q - select action, (/) - cycle Shift-Dir - straight line, f/p - Terence
Aim: Terence, wielding a +0 flail and wearing a +0 chain mail (lightly wounded, poisoned, 64% to hit)
You throw a poisoned dart.
The poisoned dart barely misses Terence.
Terence hits you with a +0 flail!
* * * LOW HITPOINT WARNING * * *
You take 8 damage, and have 4/28 hp.
MASSIVE DAMAGE!!
Terence looks more healthy.
Terence hits you with a +0 flail.
You die...

#. #.##.#..#.# #.
#.##.#.<#.#
##.##.##.#.##.#
#.........>...#
##.##.##.#.#### #.
#.##.#.# { #.
#.##.#)# # #.
#....#.#.#
#.#######@..#.#
.####.......@.....#
.........##########
########.# #.# #(#
#(# #.# #.#


You could see Terence.

Vanquished Creatures
  A gnoll (D:2)
  A dart slug (D:1)
  4 endoplasms
  3 goblins
  3 jackals (D:1)
  A frilled lizard (D:1)
  2 kobolds
  2 rats (D:2)
17 creatures vanquished.

Notes
Turn   | Place    | Note
-------+----------+-------------------------------------------
     0 | D:1      | gimp the Formicid Wanderer began the quest for the Orb.
     0 | D:1      | gimp set off with the following items: a +0 club, a potion
                  | of lignification, a +0 robe, a +0 kite shield; and the
                  | following spells available to memorise: Passwall, Wereblood
     0 | D:1      | Reached XP level 1. HP: 16/16 MP: 3/3
   365 | D:1      | Reached XP level 2. HP: 21/23 MP: 5/5
   416 | D:1      | Reached skill level 1 in Armour
   736 | D:1      | You fall into a shaft and drop 1 floor!
   756 | D:2      | Found a faded altar of an unknown god.
   814 | D:2      | Reached XP level 3. HP: 12/28 MP: 6/6
  1317 | D:2      | Noticed Terence
  1427 | D:2      | Slain by Terence

Illustrated notes

Levels and vault maps discovered:
D:1:      dpeg_arrival_rhombus, layout_loops_ring
D:2:      layout_basic, ebering_ecumenical_altar_mist, minmay_misc_feat_hallway,
          uniq_terence

Skill      XL: |  1  2 |
---------------+-------+-----
Armour         | 1 |  1.5
Shields        | 2 |  2.3
Fighting       | |  2.8
Dodging        | |  1.0
Stealth        | |  1.2
Spellcasting   | |  2.1
Poison Magic   | |  4.0

Action                   || total
-------------------------++-------
Melee: Whip              ||    81
       Club              ||     8
Throw: Dart              ||     5
 Abil: Dig               ||     1
Armor: Robe              ||     6
       Plate armour      ||    12
Dodge: Dodged            ||    31
Block: Kite shield       ||    37

Table legend: (Time is in decaauts)
 A = Elapsed time spent in this place.
 B = Non-inter-level travel time spent in this place.
 C = Inter-level travel time spent in this place.
 D = Time resting spent in this place.
 E = Time spent auto-exploring this place.
 F = Levels seen in this place.
 G = Mean time per level.
                   A        B        C        D        E       F      G
               +--------+--------+--------+--------+--------+-----+--------+
         Total |   1458 |   1458 |      0 |      0 |   1028 |   2 |  729.0 |
       Dungeon |   1458 |   1458 |      0 |      0 |   1028 |   2 |  729.0 |
               +--------+--------+--------+--------+--------+-----+--------+

Top non-repeatable levels by time:
     D:1: 753 daAuts
     D:2: 704 daAuts
